 Dungeon Crawl Stone Soup version 0.20.1-1-g8b1a95d (webtiles) character file.

128 Ladhar the Cudgeler (level 4, -3/36 HPs)
             Began as a Draconian Skald on Oct 24, 2017.
             Killed from afar by Sigmund (5 damage)
             ... with a puff of flame
             ... on level 3 of the Dungeon.
             The game lasted 00:11:07 (1865 turns).

Ladhar the Cudgeler (Draconian Skald)               Turns: 1865, Time: 00:11:07

Health: -3/36      AC:  5    Str: 14    XL:     4   Next: 87%
Magic:  7/7        EV: 12    Int: 13    God:
Gold:   109        SH:  0    Dex: 11    Spells: 6/7 levels left

rFire    . . .     SeeInvis .   a - +0 mace
rCold    . . .     Gourm    .   (no shield)
rNeg     . . .     Faith    .   (armour unavailable)
rPois    .         Spirit   .   (helmet restricted)
rElec    .         Reflect  .   (no cloak)
rCorr    .         Harm     .   (no gloves)
MR       .....                  (no boots)
Stlth    +.........             (no amulet)
Regen    0.2/turn               (no ring)
MPRegen  0.1/turn               (no ring)

@: no status effects
A: unfitting armour, cold-blooded, AC +5
a: no special abilities


You were on level 3 of the Dungeon.
You were not hungry.

You visited 1 branch of the dungeon, and saw 3 of its levels.

You collected 109 gold pieces.

Inventory:

Hand Weapons
 a - a +0 mace (weapon)
 m - a +0 hunting sling
Missiles
 i - 30 bolts
 p - 18 arrows
Scrolls
 e - a scroll of immolation {unknown}
 g - 2 scrolls of enchant armour {unknown}
 j - a scroll of random uselessness {unknown}
 l - 4 scrolls of identify {unknown}
 r - a scroll of fog {unknown}
 s - a scroll of teleportation {unknown}
Potions
 d - a potion of curing {unknown}
 k - a potion of magic {unknown}
 o - a potion of flight {unknown}
 q - a potion of cancellation {unknown}
Books
 b - a book of Battle

   Spells                             Type                      Level
   a - Infusion                       Charms                       1
   b - Shroud of Golubria             Charms/Translocation         2
   c - Song of Slaying                Charms                       2
   d - Spectral Weapon                Hexes/Charms                 3
   e - Regeneration                   Charms/Necromancy            3
Comestibles
 c - a bread ration
 f - a meat ration
 h - a royal jelly
 n - 4 chunks of flesh


   Skills:
 - Level 2.1 Fighting
 * Level 5.1 Maces & Flails
 - Level 2.1 Dodging
 - Level 0.2 Stealth
 - Level 2.0 Spellcasting
 - Level 2.6 Charms


You had 6 spell levels left.
You knew the following spells:

 Your Spells              Type           Power        Failure   Level  Hunger
a - Infusion              Chrm           #...         9%          1    ##.....


Dungeon Overview and Level Annotations

Branches:
Dungeon (3/15)

Altars:
Hepliaklqana

Annotations:
D:3 Sigmund


Innate Abilities, Weirdness & Mutations

Your plain brown scales are hard. (AC +5)
You cannot fit into any form of body armour.
You are cold-blooded and may be slowed by cold attacks.


Message History

A magic dart appears from out of thin air!
The magic dart hits you!
Something tries to affect you, but you resist.
Items here: ))) [[ a club x3; an animal skin; a helmet A puff of flame appears from out of thin air!
The puff of flame hits you!
* * * LOW HITPOINT WARNING * * *
This spell is slightly dangerous to cast.
Memorise Regeneration, consuming 3 spell levels and leaving 3?
You start memorising the spell.
You continue memorising. x2
The hobgoblin shouts!
The hobgoblin throws a stone.
Your memorisation is interrupted.
The stone barely misses you.
The hobgoblin throws a stone.
The stone hits you.
* * * LOW HITPOINT WARNING * * *
You see here a stone.
A puff of flame appears from out of thin air!
The puff of flame hits you!
You die...

.#####.#####.##..# .#
##.## #.##..######
.####<..####.##.........
...)..#......#..........
###.#...###....g........
..)..........#.#g######.
.......####....#.#
#####.## #..###.# # #.#
#..# #@# # #.# #..# #.#
# #.# #..# #(# # #..#
#(# # #..# #)# . #..#
#.## # #.## #..# ####.#
##.# #....# #.#


You could see a hobgoblin and a goblin (wandering).

Vanquished Creatures
  Jessica (D:1)
  Robin (D:3)
  3 adders (D:2)
  An ooze (D:1)
  A leopard gecko (D:2)
  4 giant cockroaches
  10 goblins
  6 hobgoblins
  7 jackals (D:1)
  2 quokkas (D:2)
  5 bats
  5 frilled lizards (D:1)
  8 kobolds
  4 rats
58 creatures vanquished.

Notes
Turn   | Place    | Note
-------+----------+-------------------------------------------
     0 | D:1      | Ladhar the Draconian Skald began the quest for the Orb.
     0 | D:1      | Reached XP level 1. HP: 17/17 MP: 3/3
   152 | D:1      | Reached XP level 2. HP: 16/24 MP: 5/5
   186 | D:1      | Reached skill level 3 in Maces & Flails
   893 | D:1      | Reached XP level 3. HP: 29/29 MP: 6/6
  1066 | D:2      | Noticed Jessica
  1163 | D:1      | Killed Jessica
  1163 | D:1      | Reached skill level 4 in Maces & Flails
  1178 | D:2      | Reached XP level 4. HP: 36/36 MP: 7/7
  1443 | D:2      | Found a hazy altar of Hepliaklqana.
  1789 | D:3      | Noticed Robin
  1797 | D:3      | Killed Robin
  1797 | D:3      | Reached skill level 5 in Maces & Flails
  1842 | D:3      | Noticed Sigmund
  1863 | D:3      | HP: 1/36 [hobgoblin/stone[Robin] (1)]
  1865 | D:3      | Killed from afar by Sigmund

Skill      XL: |  1  2  3  4 |
---------------+-------------+-----
Maces & Flails | 3 4 5 |  5.1
Fighting       | |  2.1
Dodging        | |  2.1
Stealth        | |  0.2
Spellcasting   | |  2.0
Charms         | |  2.6

Action                   |  1- 3 |  4- 6 || total
-------------------------+-------+-------++-------
Melee: Mace              |    90 |   114 ||   204
       Tailslap          |    10 |     9 ||    19
 Stab: Sleeping          |       |     1 ||     1
  Eat: Chunk             |     1 |     2 ||     3
Armor: Skin              |    37 |    37 ||    74
Dodge: Dodged            |    75 |    82 ||   157
